 Dungeon Crawl Stone Soup version 0.22.0-40-g68aacdc (webtiles) character file.

207 shadizar the Firebug (level 5, 0/30 HPs)
             Began as a Gargoyle Fire Elementalist on Sept 2, 2018.
             Shot with an arrow by a centaur (9 damage)
             ... on level 4 of the Dungeon.
             The game lasted 00:08:38 (3493 turns).

shadizar the Firebug (Gargoyle Fire Elementalist)   Turns: 3493, Time: 00:08:39

Health: 0/30       AC:  7    Str: 11    XL:     5   Next: 85%
Magic:  4/9        EV: 12    Int: 17    God:
Gold:   175        SH:  0    Dex: 10    Spells: 9/10 levels left

rFire    . . .     SeeInvis .   v - +0 morningstar
rCold    . . .     Gourm    .   (no shield)
rNeg     + . .     Faith    .   a - +0 robe
rPois    ∞         Spirit   .   (no helmet)
rElec    +         Reflect  .   m - +0 cloak
rCorr    .         Harm     .   (no gloves)
MR       .....                  (no boots)
Stlth    ++........             (no amulet)
HPRegen  0.10/turn              (no ring)
MPRegen  0.11/turn              (no ring)

@: no status effects
A: negative energy resistance 1, electricity resistance, unbreathing,
petrification resistance, rot immunity, AC +4
a: no special abilities


You were on level 4 of the Dungeon.
You were not hungry.

You visited 1 branch of the dungeon, and saw 4 of its levels.

You collected 175 gold pieces.

Inventory:

Hand Weapons
 v - a +0 morningstar (weapon)
Missiles
 i - 56 stones (quivered)
 o - 39 sling bullets
Armour
 a - a +0 robe (worn)
 m - a +0 cloak (worn)
 t - a +0 leather armour
Scrolls
 d - a scroll of amnesia
 e - a scroll of noise {unknown}
 g - a scroll of teleportation {unknown}
 p - a scroll of random uselessness {unknown}
Potions
 b - a potion of haste
 f - 2 potions of agility
 h - 3 potions of magic
 j - 2 potions of flight
Comestibles
 c - 4 rations
 r - 3 chunks of flesh


   Skills:
 + Level 2.2 Fighting
 + Level 2.0 Maces & Flails
 + Level 0.0 Armour
 - Level 1.5 Dodging
 - Level 2.1 Stealth
 + Level 3.0 Spellcasting
 + Level 2.8 Conjurations
 + Level 3.9 Fire Magic


You had 9 spell levels left.
You knew the following spells:

 Your Spells              Type           Power        Failure   Level  Hunger
a - Flame Tongue          Conj/Fire      ##...        4%          1    None

Your spell library contained the following spells:

 Spells                   Type           Power        Failure   Level  Hunger
 Throw Flame              Conj/Fire      ##....       6%          2    ##.....
 Conjure Flame            Conj/Fire      ##......     13%         3    ###....
 Inner Flame              Hex/Fire       #.......     24%         3    ###....
 Sticky Flame             Conj/Fire      ##......     38%         4    ####...
 Fireball                 Conj/Fire      ##........   75%         5    ######.


Dungeon Overview and Level Annotations

Branches:
Dungeon (4/15)
 Temple: D:4-7

Altars:
Qazlal


Innate Abilities, Weirdness & Mutations

You are resistant to torment.
Your stone body is resilient. (AC +4)
You are immune to poison.
You resist negative energy. (rN+)
You are resistant to electric shocks. (rElec)
You can survive without breathing.
You are immune to petrification.
You are immune to rotting.


Message History

The centaur shoots an arrow.
The arrow hits you!
* * * LOW HITPOINT WARNING * * *
The centaur shoots an arrow.
The arrow completely misses you.
Casting: Flame Tongue (safe; 4% risk of failure)
Confirm with . or Enter, or press ? or * to list all spells.
Aiming: Flame Tongue (safe; 4% risk of failure)
Press: ? - help, Shift-Dir - straight line, f/p - centaur
Aim: a centaur, wielding a shortbow (heavily wounded)
The flame tongue hits the centaur.
The centaur is heavily wounded.
The centaur shoots an arrow.
The arrow misses you.
Casting: Flame Tongue (safe; 4% risk of failure)
Confirm with . or Enter, or press ? or * to list all spells.
Aiming: Flame Tongue (safe; 4% risk of failure)
Press: ? - help, Shift-Dir - straight line, f/p - centaur
Aim: a centaur, wielding a shortbow (heavily wounded)
The flame tongue hits the centaur.
The centaur is severely wounded.
The centaur shoots an arrow.
The arrow hits you!
You die...

.... ....
..... .....
c.....
###......
####.......#
#...@#
#...## #...
#... #...
####


You could see a centaur.

Vanquished Creatures
  An orc wizard (D:3)
  3 gnolls (D:2)
  6 adders
  An ooze (D:3)
  3 worms
  3 dart slugs
  A leopard gecko (D:3)
  7 orcs (D:3)
  3 giant cockroaches
  8 goblins
  5 hobgoblins
  6 jackals
  A quokka (D:3)
  A ball python (D:1)
  4 bats
  3 frilled lizards
  9 kobolds
  7 rats
72 creatures vanquished.

Notes
Turn   | Place    | Note
-------+----------+-------------------------------------------
     0 | D:1      | shadizar the Gargoyle Fire Elementalist began the quest for the Orb.
     0 | D:1      | Reached XP level 1. HP: 10/10 MP: 3/3
   148 | D:1      | Reached XP level 2. HP: 11/16 MP: 0/5
   766 | D:2      | Reached skill level 1 in Fighting
   766 | D:2      | Reached XP level 3. HP: 8/20 MP: 2/6
  1167 | D:2      | Found a faded altar of an unknown god.
  1297 | D:2      | Reached skill level 1 in Maces & Flails
  1340 | D:2      | Reached XP level 4. HP: 14/25 MP: 0/7
  2476 | D:3      | Reached XP level 5. HP: 30/30 MP: 7/9
  2528 | D:3      | Found a stormy altar of Qazlal.
  3488 | D:4      | Noticed a centaur
  3493 | D:4      | Shot with an arrow by a centaur

Skill      XL: |  1  2  3  4  5 |
---------------+----------------+-----
Fighting       | 1 2 |  2.2
Maces & Flails | 1 2 |  2.0
Conjurations   | 2 |  2.8
Spellcasting   | 3 |  3.0
Dodging        | |  1.5
Stealth        | |  2.1
Fire Magic     | |  3.9

Action                   |  1- 3 |  4- 6 || total
-------------------------+-------+-------++-------
Melee: Unarmed           |     8 |       ||     8
       Club              |    37 |    56 ||    93
 Cast: Flame Tongue      |    43 |    98 ||   141
  Use: Scroll            |       |     9 ||     9
 Stab: Sleeping          |     1 |       ||     1
  Eat: Chunk             |     2 |     7 ||     9
Armor: Robe              |    23 |    32 ||    55
Dodge: Dodged            |    47 |    75 ||   122
